Map: Dusk Towers

Players

Zane

  • Race: Terran Terran
  • League: Gold

Cosmos - Winner!

  • Race: Zerg Zerg

VOD

Have the link to the VOD?

Description

Time

  • Played on: June 23, 2016, 7:11 p.m.
  • Length: 11:10
Show
View Real Time Build Order
Export as new Build Order

Zane Terran 

Build Orders: Command Center First (CC) 

Get SALT Encoding   

  12  0:03  SCV  
  13  0:15  SCV  
  13  0:20  Supply Depot  
  14  0:27  SCV  
  15  0:42  SCV  
  16  1:01  Command Center  
  16  1:03  SCV  
  17  1:18  Barracks  
  17  1:26  SCV  
  18  1:38  SCV  
  19  1:42  Refinery  
  19  1:45  Engineering Bay  
  19  1:50  SCV  
  20  2:00  Refinery  
  20  2:02  SCV  
  21  2:11  Supply Depot  
  21  2:12  Marine  
  21  2:15  Orbital Command  
  22  2:22  Orbital Command  
  22  2:29  Marine  
  23  2:42  SCV  
  24  2:49  SCV  
  25  2:54  SCV  
  26  2:58  Factory  
  26  2:59  Barracks Reactor  
  26  3:01  SCV  
  27  3:06  SCV  
  28  3:13  SCV  
  28  3:18  SCV  
  30  3:23  Barracks x2  
  30  3:25  SCV  
  31  3:30  Ghost Academy, SCV  
  32  3:37  SCV  
  33  3:42  Armory  
  33  3:46  SCV  
  34  3:49  SCV  
  35  3:58  SCV  
  35  4:01  SCV  
  37  4:15  Barracks Reactor x2  
  37  4:25  Starport  
  37  4:27  Hellion x2  
  37  4:31  Personal Cloaking  
  41  4:35  Barracks Tech Lab  
  41  4:37  Command Center  
  41  4:39  Refinery  
  41  4:47  SCV x2  
  41  4:51  Hellion  
  45  4:59  SCV  
  46  5:01  Supply Depot  
  46  5:04  Supply Depot  
  46  5:22  Marine x3, Viking, Ghost, SCV  
  46  5:26  Hellion  
  56  5:33  Hellion  
  58  5:38  Marine  
  58  5:40  Marine  
  60  5:44  Marine x2  
  62  5:50  Ghost  
  62  5:52  Orbital Command  
  62  5:54  SCV  
  62  5:56  Refinery, Marine  
  66  5:59  SCV  
  66  6:02  Medivac  
  69  6:06  SCV  
  69  6:09  Hellion x2  
  74  6:11  SCV  
  74  6:16  Marine x2  
  77  6:19  Stimpack  
  77  6:26  Barracks  
  77  6:27  Orbital Command  
  77  6:30  Supply Depot  
  77  6:31  Supply Depot  
  77  6:51  Marine x4  
  77  6:52  Medivac  
  83  7:08  Ghost  
  83  7:09  Marine x3  
  87  7:22  Medivac  
  89  7:23  Marine  
  89  7:27  Marine  
  89  7:28  Hellion  
  93  7:50  Hellion  
  93  7:51  Hellion  
  93  7:54  Ghost  
  85  8:12  Hellion  
  76  8:28  Marine x4  
  71  8:45  Marine  
  71  8:46  Marine x2  
  71  8:47  Marine  
  70  8:49  SCV  
  70  8:50  SCV  
  70  8:51  SCV  
  70  8:54  Viking  
  73  8:57  Hellion x2  
  73  9:00  Ghost  
  73  9:01  SCV  
  77  9:03  Marine, SCV x2  
  77  9:04  Marine x2  
  79  9:13  SCV  
  78  9:18  Hellion x2  
  78  9:23  Marine x4  
  86  9:24  Viking  
  86  9:29  Ghost  
  88  9:40  Hellion x2  
  88  9:41  Marine  
  93  9:48  Supply Depot  
  93  9:49  Supply Depot x2  
  93  9:50  Supply Depot x2  
  93  9:58  Supply Depot  
  93  9:59  Nuke  
  93  10:04  Ghost  
  93  10:05  Starport Reactor  
  93  10:09  Marine x2  
  93  10:10  Hellion  
  97  10:23  Refinery, Barracks  
  97  10:24  Refinery  
  97  10:25  Barracks  
  97  10:26  Barracks  
  97  10:28  Marine  
  97  10:29  Marine x3, Command Center  
  97  10:30  Command Center  
  97  10:32  Ghost  
  103  10:46  Marine x2  
Show
View Real Time Build Order
Export as new Build Order

Cosmos Zerg - Winner!

Build Orders: Hatch First 

Get SALT Encoding   

  12  0:01  Drone  
  13  0:14  Overlord  
  13  0:31  Drone  
  14  0:40  Drone x2  
  14  0:42  Drone  
  17  0:55  Hatchery  
  16  1:03  Drone  
  17  1:05  Drone  
  18  1:19  Spawning Pool  
  18  1:20  Extractor  
  16  1:27  Drone  
  16  1:28  Drone  
  18  1:35  Drone  
  19  1:59  Overlord  
  19  2:02  Drone  
  20  2:08  Queen x2  
  20  2:10  Zergling x2  
  20  2:11  Zergling x2  
  26  2:22  Metabolic Boost  
  26  2:27  Drone x2  
  28  2:33  Drone  
  28  2:34  Drone  
  30  2:41  Drone x2  
  32  2:56  Drone x2  
  34  3:03  Queen  
  36  3:08  Drone, Roach Warren  
  36  3:20  Overlord x2  
  36  3:21  Overlord  
  36  3:38  Queen  
  36  3:39  Drone x6  
  44  3:45  Drone  
  45  3:58  Roach x4  
  45  3:59  Roach x3  
  59  4:14  Lair  
  59  4:24  Drone  
  60  4:43  Overlord  
  60  4:44  Overlord x3  
  60  4:46  Hatchery  
  59  5:08  Drone x5  
  59  5:09  Drone x6  
  59  5:10  Drone  
  70  5:31  Evolution Chamber, Hydralisk Den  
  70  5:35  Evolution Chamber  
  67  5:37  Infestation Pit  
  66  5:47  Drone x2  
  66  5:48  Drone x6  
  74  5:57  Extractor  
  74  5:58  Extractor  
  74  6:00  Drone x2  
  74  6:01  Drone  
  75  6:08  Zerg Missile Weapons Level 1  
  75  6:10  Extractor  
  74  6:11  Extractor  
  73  6:23  Drone x6  
  73  6:24  Drone x6  
  85  6:34  Zerg Ground Armor Level 1  
  85  6:37  Drone x2  
  85  6:38  Drone  
  85  6:39  Drone  
  89  6:45  Overlord x3  
  89  6:46  Overlord  
  89  6:59  Muscular Augments  
  89  7:02  Glial Reconstitution  
  89  7:03  Overlord x2  
  89  7:04  Overlord x5  
  89  7:14  Drone  
  90  7:15  Extractor, Drone x2  
  90  7:20  Hydralisk  
  90  7:21  Roach x2, Hydralisk x2  
  90  7:22  Roach  
  103  7:29  Spore Crawler  
  102  7:31  Spore Crawler  
  102  7:32  Hydralisk  
  102  7:33  Roach x2, Hydralisk  
  109  7:44  Spore Crawler  
  108  7:46  Overseer  
  108  7:47  Hydralisk  
  108  7:48  Roach x3, Hydralisk  
  108  7:49  Roach  
  108  7:50  Zergling x2, Roach  
  108  7:51  Zergling x4  
  98  8:00  Hydralisk  
  98  8:01  Roach x2, Hydralisk  
  94  8:10  Roach, Hydralisk  
  92  8:15  Roach, Hydralisk x2  
  92  8:16  Roach  
  91  8:26  Hydralisk  
  91  8:27  Roach x2, Hydralisk  
  85  8:34  Roach  
  87  8:40  Hydralisk  
  87  8:41  Roach  
  85  8:44  Roach  
  77  8:49  Hydralisk  
  77  8:50  Roach  
  77  8:52  Queen x3  
  85  8:56  Roach  
  85  9:07  Roach, Hydralisk x2  
  85  9:08  Roach  
  89  9:21  Overseer x4  
  87  9:40  Hive  
  87  9:48  Hatchery  
  87  9:50  Drone x2  
  87  9:51  Drone x4  
  92  9:53  Hatchery  
  92  9:59  Hydralisk  
  91  10:00  Roach  
  91  10:01  Roach  
  97  10:19  Overseer x2  
  97  10:21  Hydralisk x2  
  97  10:22  Roach x3, Hydralisk x3  
  97  10:23  Roach x3  
  119  10:36  Drone x3  
  122  10:44  Extractor  
  122  10:46  Extractor  
Tags
 
Add a new tag
Caveats
  • Supply blocks, unpowered buildings, or Contaminate may cause inaccurate times.
  • Supply counts are checked every 10 seconds.